 Dungeon Crawl Stone Soup version 0.32-a0-35-gd9ff480968 (webtiles) character file.

Game seed: 3854686688234931125

151 cforsyth the Magician (level 5, -2/60 HPs)
             Began as a Djinni Enchanter on Jan 23, 2024.
             Shot with a sling bullet by a goblin (5 damage)
             ... on level 4 of the Dungeon.
             The game lasted 00:04:58 (3485 turns).

cforsyth the Magician (Djinni Enchanter)            Turns: 3485, Time: 00:04:59

Health: -2/60      AC:  2    Str:  7    XL:     5   Next: 59%
Gold:   159        EV: 13    Int: 18    God:
                   SH:  0    Dex: 20

rFire   + + .        a - +1 dagger
rCold   x . .        (no shield)
rNeg    . . .        b - +0 robe
rPois   ∞            (no helmet)
rElec   .            (no cloak)
rCorr   +            (no gloves)
SInv    .            (boots unavailable)
Will    +....        (no amulet) Stlth
                     o - ring of resist corrosion
HPRegen 0.30/turn    s - +6 ring of dexterity
MPRegen 0.00/turn

%: infuse magic (-3 HP)
@: berserking, attractive, enlightened, flying, hasted, very quick
A: sickness immunity, fire resistance 2, cold vulnerability 1, float, innate
caster, HP casting, extra vitality 1
a: no special abilities


You were on level 4 of the Dungeon.
You visited 1 branch of the dungeon, and saw 4 of its levels.

You collected 159 gold pieces.

Inventory:

Hand Weapons
 a - a +1 dagger (weapon)
Armour
 b - a +0 robe (worn)
Jewellery
 o - a ring of resist corrosion (left hand)
 s - a +6 ring of dexterity (right hand)
Scrolls
 d - a scroll of identify
 h - a scroll of butterflies {unknown}
 k - a scroll of vulnerability {unknown}
 l - a scroll of poison {unknown}
 n - 2 scrolls of amnesia
 p - a scroll of noise
 q - a scroll of enchant weapon {unknown}
 t - a scroll of silence {unknown}
Potions
 c - 3 potions of invisibility
 e - 2 potions of curing
 f - a potion of haste
 g - a potion of attraction
 i - 2 potions of brilliance
 r - a potion of resistance {unknown}


   Skills:
 + Level 3.3 Fighting
 - Level 0.8 Short Blades
 - Level 2.1 Dodging
 - Level 2.4 Stealth
 + Level 4.0 Spellcasting
 + Level 4.0 Conjurations
 + Level 4.0 Hexes
 + Level 4.0 Summonings
 + Level 4.0 Necromancy
 + Level 4.0 Translocations
 + Level 4.0 Fire Magic
 + Level 4.0 Ice Magic
 + Level 4.0 Air Magic
 + Level 4.0 Earth Magic
 + Level 4.0 Alchemy


You knew the following spells:

 Your Spells              Type           Power      Damage    Failure   Level
a - Ensorcelled Hibernat  Hex/Ice        36%        N/A       4%          2
b - Confusing Touch       Hex            18%        N/A       9%          3
c - Tukima's Dance        Hex            18%        N/A       9%          3
d - Dazzling Flash        Conj/Hex       36%        N/A       9%          3
e - Kiss of Death         Conj/Necr      72%        2d10      2%          1
f - Momentum Strike       Conj/Tloc      36%        3d9       4%          2
Your spell library was empty.

Dungeon Overview and Level Annotations

Branches:
Dungeon (4/15)
 Temple: D:4-7

Altars:

Shops:
D:2 !


Innate Abilities, Weirdness & Mutations

You are immune to sickness and miasma.
You are immune to poison.
Your flesh is very heat resistant. (rF++)
You are vulnerable to cold. (rC-)
You float through the air rather than walking.
You learn spells naturally, not from books.
Your magical power is your life essence.
You have superior vitality. (+4 MHP)


Message History

* * * LOW HITPOINT WARNING * * *
You hit the endoplasm.
You kill the endoplasm!
As you read the scroll labelled MACIG NECVETS, it crumbles to dust.
It is a scroll of amnesia.
You feel forgetful for a moment. The howler monkey hits you!
* * * LOW HITPOINT WARNING * * *
As you read the scroll labelled IGRIWI REUGE, it crumbles to dust.
You hear a loud clanging noise!
It was a scroll of noise.
You hear an angry hiss.
The howler monkey hoots and howls with incredible vigour!
You hear a shout!
As you read the scroll labelled BUEXZICOSS, it crumbles to dust.
It is a scroll of identify.
i - 2 potions of brilliance The howler monkey hoots and howls with incredible vigour!
The howler monkey closely misses you.
You hear an angry hiss.
It was a potion of attraction.
You feel attractive to monsters. The howler monkey hits you.
* * * LOW HITPOINT WARNING * * *
It was a potion of haste.
You feel yourself speed up. The howler monkey barely misses you.
It was a potion of enlightenment.
You feel more buoyant.
The howler monkey hits you but does no damage.
It was a potion of berserk rage.
A red film seems to cover your vision as you go berserk!
You feel yourself moving faster!
You feel mighty!
An adder comes into view.
The howler monkey barely misses you. The adder is attracted toward you.
Unknown command.
You puncture the howler monkey!
The howler monkey is severely wounded.
You puncture the howler monkey!
You kill the howler monkey!
The goblin shoots a sling bullet.
The sling bullet hits you.
You die...

#J# #..##.#.
#.# #.....##
#.##l######
#.......
#.....h...###
#.######
#.##....§...#
#.# #
######S#.#
#lg.# #†###
#@# ###


You could see an iguana, an adder and a goblin.

Vanquished Creatures
  A howler monkey (D:4)
  A hound (D:4)
  Jessica (D:2)
  An adder (D:2)
  10 dart slugs (D:4)
  3 ribbon worms
  An orc (D:4)
  5 ball pythons
  2 endoplasms
  2 giant cockroaches (D:1)
  A goblin (D:3)
  8 hobgoblins
  5 jackals
  9 kobolds
  2 quokkas
  5 bats
  A frilled lizard (D:1)
  3 rats (D:1)
61 creatures vanquished.

Notes
Turn   | Place    | Note
-------+----------+-------------------------------------------
     0 | D:1      | cforsyth the Djinni Enchanter began the quest for the Orb.
     0 | D:1      | cforsyth set off with the following spells memorised:
                  | Ensorcelled Hibernation, Confusing Touch, Tukima's Dance,
                  | Dazzling Flash.
     0 | D:1      | Reached XP level 1. HP: 15/15 MP: 0/0
   251 | D:1      | Reached XP level 2. HP: 22/22 MP: 0/0
   316 | D:1      | Reached skill level 1 in Fighting
   595 | D:1      | Reached XP level 3. HP: 27/27 MP: 0/0
   595 | D:1      | Learned a level 1 spell: Kiss of Death
  1254 | D:2      | Noticed Jessica
  1276 | D:2      | Killed Jessica
  1277 | D:2      | Reached XP level 4. HP: 11/34 MP: 0/0
  1604 | D:2      | Found Naakiga's Distillery.
  2214 | D:3      | Found the +7 staff of the Meek {protect, meekguard}
  2577 | D:3      | Found a faded altar of an unknown god.
  2954 | D:4      | Reached XP level 5. HP: 38/40 MP: 0/0
  2954 | D:4      | Learned a level 2 spell: Momentum Strike
  3218 | D:4      | Noticed a phantom
  3480 | D:4      | HP: 1/40 [howler monkey (4)]
  3485 | D:4      | Shot with a sling bullet by a goblin

Illustrated notes

Levels and vault maps discovered:
D:1:      nzn_arrival_depleted_hourglass, layout_loops_corners, moated_statue
D:2:      layout_basic, serial_shops, shop, kennysheep_jessica_study
D:3:      layout_loops_ring, shapermc_ecumenical_altar_rom_forum
D:4:      kennysheep_slugbush, layout_basic

Skill      XL: |  1  2  3  4  5 |
---------------+----------------+-----
Spellcasting   | 3 4 |  4.0
Conjurations   | 3 4 |  4.0
Hexes          | 3 4 |  4.0
Summonings     | 3 4 |  4.0
Necromancy     | 3 4 |  4.0
Translocations | 3 4 |  4.0
Fire Magic     | 3 4 |  4.0
Ice Magic      | 3 4 |  4.0
Air Magic      | 3 4 |  4.0
Earth Magic    | 3 4 |  4.0
Alchemy        | 3 4 |  4.0
Fighting       | 1 2 3 |  3.3
Short Blades   | |  0.8
Dodging        | |  2.1
Stealth        | |  2.4

Action                     |  1- 3 |  4- 6 || total
---------------------------+-------+-------++-------
  Melee: Dagger            |   139 |   184 ||   323
         Punch             |     4 |     4 ||     8
   Cast: Ensorcelled Hiber |       |     3 ||     3
         Tukima's Dance    |       |     3 ||     3
    Use: Potion            |     2 |     4 ||     6
         Scroll            |       |     3 ||     3
   Stab: Sleeping          |     1 |     5 ||     6
 Armour: Robe              |    64 |    93 ||   157
  Dodge: Dodged            |    92 |   123 ||   215

Table legend: (Time is in decaauts)
 A = Elapsed time spent in this place.
 B = Non-inter-level travel time spent in this place.
 C = Inter-level travel time spent in this place.
 D = Time resting spent in this place.
 E = Time spent auto-exploring this place.
 F = Levels seen in this place.
 G = Mean time per level.
                   A        B        C        D        E       F      G
               +--------+--------+--------+--------+--------+-----+--------+
         Total |   3470 |   3391 |     79 |     15 |   2714 |   4 |  867.5 |
       Dungeon |   3470 |   3391 |     79 |     15 |   2714 |   4 |  867.5 |
               +--------+--------+--------+--------+--------+-----+--------+

Top non-repeatable levels by time:
     D:1: 1112 daAuts
     D:2: 1088 daAuts
     D:3: 756 daAuts
     D:4: 513 daAuts
